 Dungeon Crawl Stone Soup version 0.23.0-3-gf3c87f2 (webtiles) character file.

Game seed: 751611049402994775

785 Monsterracer the Firebug (level 8, -1/52 HPs)
             Began as a Formicid Fire Elementalist on Feb 24, 2019.
             Was a Follower of Okawaru.
             Slain by Duvessa
             ... wielding a +0 rapier
              (6 damage)
             ... on level 6 of the Dungeon.
             The game lasted 00:05:54 (5841 turns).

Monsterracer the Firebug (FoFE)                     Turns: 5841, Time: 00:05:55

Health: -1/52      AC:  4    Str: 18    XL:     8   Next: 11%
Magic:  11/14      EV: 17    Int: 17    God:    Okawaru [*.....]
Gold:   332        SH:  0    Dex: 16    Spells: 2/15 levels left

rFire    . . .     SeeInvis +   x - +0 spear
rCold    . . .     Gourm    .   (no shield)
rNeg     . . .     Faith    .   a - +0 robe
rPois    .         Spirit   .   (helmet unavailable)
rElec    .         Reflect  .   o - +1 cloak
rCorr    .         Harm     .   (no gloves)
MR       .....                  (no boots)
Stlth    +++.......             (no amulet)
HPRegen  0.17/turn              (no ring)
MPRegen  0.14/turn              (no ring)

@: mighty, agile, very slightly contaminated
A: permanent stasis, dig shafts and tunnels, four strong arms, antennae 3
a: Dig, Shaft Self, Heroism, Renounce Religion


You were on level 6 of the Dungeon.
You worshipped Okawaru.
Okawaru was aware of your devotion.
You were not hungry.

You visited 1 branch of the dungeon, and saw 7 of its levels.

You collected 332 gold pieces.


Innate Abilities, Weirdness & Mutations

You cannot be hasted, slowed, berserked, paralysed or teleported.
You can dig through walls and to a lower floor.
Your four strong arms can wield two-handed weapons with a shield.
You have a pair of large antennae on your head. (SInv)


   Skills:
 + Level 0.6 Polearms
 - Level 1.7 Dodging
 - Level 2.4 Stealth
 + Level 4.2 Spellcasting
 * Level 4.8 Conjurations
 * Level 6.1 Fire Magic


You had 2 spell levels left.
You knew the following spells:

 Your Spells              Type           Power        Failure   Level  Hunger
a - Flame Tongue          Conj/Fire      ###..        1%          1    None
b - Conjure Flame         Conj/Fire      ###.....     4%          3    ###....
c - Sticky Flame          Conj/Fire      ###.....     16%         4    ####...
d - Fireball              Conj/Fire      ###.......   41%         5    ######.

Your spell library contained the following spells:

 Spells                   Type           Power        Failure   Level  Hunger
 Throw Flame              Conj/Fire      ###...       2%          2    ##.....
 Inner Flame              Hex/Fire       ##......     13%         3    ###....

Inventory:

Hand Weapons
 x - a +0 spear (weapon)
   (You took it off a gnoll on level 4 of the Dungeon)
Missiles
 g - a throwing net (quivered) {!f}
Armour
 a - a +0 robe (worn)
 o - a +1 cloak (worn)
   (You found it on level 3 of the Dungeon)
Potions
 d - 2 potions of magic
 e - 2 potions of curing
 h - 2 potions of haste
 l - a potion of ambrosia {unknown}
 m - 4 potions of flight
 n - a potion of resistance
 p - 2 potions of mutation {!q}
 w - a potion of heal wounds {unknown}
Comestibles
 b - a chunk of flesh
 c - 14 rations

Dungeon Overview and Level Annotations

Branches:
Dungeon (7/15)             Temple (0/1) D:4

Altars:
Dithmenos
Gozag
Makhleb
Okawaru
Qazlal
Sif Muna
Uskayaw
Wu Jian
Xom
Zin

Annotations:
D:6 Dowan, Duvessa

#..#.#
####.###e(#.#
..........#.###
......##......#
..... #{...#.#
.... #...>#.#
... #..ยง...#
.. #...##.# .
#...e@.#
#..###.#
#..###.#
#..(...#
##.##### #...#
#.### #.####
#...<#


You could see Duvessa.


Message History

There are monsters nearby!
Duvessa shouts!
The bullfrog releases a deep croak.
The bullfrog hits you.
You take 4 damage, and have 48/52 hp.
There is a stone staircase leading down here.
The bullfrog hits you. x2
You climb downwards.
There is a stone staircase leading up here.
You take 7 damage, and have 41/52 hp.
You barely miss the bullfrog. The bullfrog closely misses you.
You hit the bullfrog.
The bullfrog is lightly wounded.
The bullfrog misses you. The bullfrog closely misses you.
Casting: Flame Tongue (safe; 1% risk of failure)
Confirm with . or Enter, or press ? or * to list all spells.
Aiming: Flame Tongue (safe; 1% risk of failure)
Press: ? - help, Shift-Dir - straight line, f - bullfrog
Aim: a bullfrog (lightly wounded)
The flame tongue hits the bullfrog!
The bullfrog is severely wounded.
The bullfrog hits you but does no damage. x2
You now have 13/14 mp.
Casting: Flame Tongue (safe; 1% risk of failure)
Confirm with . or Enter, or press ? or * to list all spells.
Aiming: Flame Tongue (safe; 1% risk of failure)
Press: ? - help, Shift-Dir - straight line, f/p - bullfrog
Aim: a bullfrog (severely wounded)
The flame tongue hits the bullfrog.
The bullfrog is almost dead.
The bullfrog closely misses you.
You now have 12/14 mp.
Casting: Flame Tongue (safe; 1% risk of failure)
Confirm with . or Enter, or press ? or * to list all spells.
Aiming: Flame Tongue (safe; 1% risk of failure)
Press: ? - help, Shift-Dir - straight line, f/p - bullfrog
Aim: a bullfrog (almost dead)
The flame tongue hits the bullfrog.
You kill the bullfrog!
Okawaru accepts your kill.
You now have 11/14 mp.
There isn't anything here!
You see here a bullfrog corpse.
You butcher the bullfrog corpse.
b - 2 chunks of flesh You see here a bullfrog skeleton.
You start resting.
Eating one of 2 chunks of flesh.
You eat one of the 2 chunks of flesh.
This raw flesh tastes terrible.
Magic restored.
You regained 3 hp, and now have 45/52 hp.
MP restored: 14 You start resting.
HP restored.
Health restored: 52
There is a stone staircase leading up here.
You can't go down here!
You can't go down here!
You climb upwards.
Level annotation: Dowan, Duvessa Duvessa closely misses you.
There is a stone staircase leading down here.
Casting: Flame Tongue (safe; 1% risk of failure)
Confirm with . or Enter, or press ? or * to list all spells.
Aiming: Sticky Flame (slightly dangerous; 16% risk of failure)
Press: ? - help, Shift-Dir - straight line, f - Duvessa
Aim: Duvessa, wielding a +0 rapier and wearing a cursed +0 leather armour You miscast Sticky Flame.
You are very lightly contaminated with residual magic.
You feel a strange surge of energy! Duvessa hits you with a +0 rapier!
Dowan casts a spell at Duvessa.
Duvessa seems to speed up.
You take 9 damage, and have 43/52 hp.
You now have 10/14 mp.
Duvessa hits you with a +0 rapier!
You take 6 damage, and have 37/52 hp.
Duvessa hits you with a +0 rapier!
You take 10 damage, and have 27/52 hp.
Dowan hits you with a +6 dagger.
* * * LOW HITPOINT WARNING * * *
Duvessa hits you with a +0 rapier.
* * * LOW HITPOINT WARNING * * *
There is a stone staircase leading down, spattered with blood here.
You take 6 damage, and have 21/52 hp.
You aren't carrying any scrolls.
Duvessa hits you but does no damage. Duvessa hits you with a +0 rapier!
* * * LOW HITPOINT WARNING * * *
You take 10 damage, and have 12/52 hp.
Dowan gestures wildly while chanting.
Dowan blinks!
Duvessa says, "Where magic fails, the sword succeeds!"
You feel better. Duvessa barely misses you. x2
You regained 5 hp, and now have 17/52 hp.
It was a potion of agility.
You feel agile all of a sudden. Duvessa hits you with a +0 rapier!
* * * LOW HITPOINT WARNING * * *
You take 13 damage, and have 4/52 hp.
MASSIVE DAMAGE!!
It was a potion of might.
You feel very mighty all of a sudden. Duvessa hits you with a +0 rapier.
You die...

Skill      XL: |  1  2  3  4  5  6  7 |
---------------+----------------------+-----
Conjurations   | 1 2 3 4 |  4.8
Fire Magic     | 4 5 6 |  6.1
Spellcasting   | 3 4 |  4.2
Polearms       | |  0.6
Dodging        | |  1.7
Stealth        | |  2.4

Action                   |  1- 3 |  4- 6 |  7- 9 || total
-------------------------+-------+-------+-------++-------
Melee: Dagger            |    28 |    23 |     1 ||    52
       Spear             |       |       |    43 ||    43
 Cast: Flame Tongue      |    46 |    75 |    49 ||   170
       Conjure Flame     |       |     2 |     1 ||     3
Invok: Heroism           |       |       |     1 ||     1
  Use: Potion            |     1 |       |     3 ||     4
       Scroll            |       |       |    15 ||    15
 Stab: Sleeping          |       |     2 |       ||     2
  Eat: Chunk             |     2 |     6 |     5 ||    13
       Ration            |       |     1 |       ||     1
Armor: Robe              |    12 |     8 |    13 ||    33
Dodge: Dodged            |    59 |    28 |    23 ||   110

Levels and vault maps discovered:
D:1:      lightli_arrival_maybe_door_vault, layout_basic, minmay_liquid_box
D:2:      layout_rooms, lemuel_crystal_altar, first_ration,
          minmay_misc_feat_rows, kennysheep_okawaru_gauntlet
D:3:      layout_basic, makhleb_blood_cavern_becter, overflow_temple_1_default,
          lemuel_coloured_pillars_altar,
          chequers_temple_overflow_statue_of_worship
D:4:      layout_loops_cross, grunt_gozag_breadcrumbs,
          minmay_temple_entry_glass, st_stairs_10, kennysheep_generic_room_7
D:5:      layout_basic
D:6:      wad_crossroads, layout_basic, uniq_blork_the_orc, uniq_duvessa,
          uniq_edmund, uniq_eustachio
D:7:      layout_basic, gammafunk_temple_overflow_elements, basic_altar,
          fedhas_altar_2

Notes
Turn   | Place    | Note
-------+----------+-------------------------------------------
     0 | D:1      | Monsterracer the Formicid Fire Elementalist began the quest
                  | for the Orb.
     0 | D:1      | Reached XP level 1. HP: 13/13 MP: 3/3
    10 | D:1      | Reached skill level 1 in Conjurations
   334 | D:1      | Reached XP level 2. HP: 19/19 MP: 0/5
   954 | D:2      | Reached XP level 3. HP: 18/24 MP: 0/6
   959 | D:2      | Learned a level 3 spell: Conjure Flame
  1080 | D:2      | Found an ornate altar of the Wu Jian Council.
  1136 | D:2      | HP: 10/24 [adder (5)]
  1366 | D:2      | Found an iron altar of Okawaru.
  1380 | D:2      | Became a worshipper of Warmaster Okawaru
  1725 | D:2      | Reached XP level 4. HP: 30/30 MP: 3/8
  1937 | D:3      | Learned a level 4 spell: Sticky Flame
  2081 | D:3      | Found a burning altar of Makhleb.
  2157 | D:3      | Reached skill level 4 in Fire Magic
  2476 | D:3      | Reached XP level 5. HP: 35/35 MP: 5/9
  2572 | D:3      | Found a shimmering altar of Xom.
  2800 | D:3      | Found a stormy altar of Qazlal.
  2801 | D:3      | Found a glowing silver altar of Zin.
  2801 | D:3      | Found a hide-covered altar of Uskayaw.
  2803 | D:3      | Found a deep blue altar of Sif Muna.
  3220 | D:3      | Found a shadowy altar of Dithmenos.
  3397 | D:4      | Noticed a phantom
  3416 | D:4      | HP: 10/35 [phantom (9)]
  3418 | D:4      | HP: 4/35 [phantom (7)]
  3425 | D:4      | Killed a phantom
  3425 | D:4      | Reached XP level 6. HP: 5/41 MP: 0/10
  3734 | D:4      | Noticed an ogre
  3739 | D:4      | Killed an ogre
  3739 | D:4      | Reached * piety under Okawaru
  3848 | D:4      | Found a staircase to the Ecumenical Temple.
  3850 | D:4      | Noticed an ogre
  3857 | D:4      | HP: 19/41 [ogre/+0 giant spiked club (22)]
  3861 | D:4      | Noticed an ogre
  3872 | D:4      | Killed an ogre
  3872 | D:4      | Reached skill level 5 in Fire Magic
  3872 | D:4      | Reached XP level 7. HP: 24/46 MP: 1/12
  4099 | D:4      | Learned a level 5 spell: Fireball
  4295 | D:4      | Found an opulent altar of Gozag.
  4579 | D:4      | HP: 16/46 [gnoll/+0 flail (16)]
  4580 | D:4      | HP: 7/46 [gnoll/+0 spear (9)]
  4580 | D:4      | HP: 1/46 [gnoll (6)]
  5087 | D:5      | Entered Level 5 of the Dungeon
  5656 | D:5      | Reached skill level 6 in Fire Magic
  5656 | D:5      | Reached XP level 8. HP: 44/52 MP: 11/14
  5725 | D:5      | You fall through a shaft!
  5750 | D:6      | Noticed Dowan
  5750 | D:6      | Noticed Duvessa
  5834 | D:6      | HP: 25/52 [Dowan/+6 dagger (2)]
  5836 | D:6      | HP: 12/52 [Duvessa/+0 rapier (10)]
  5840 | D:6      | HP: 4/52 [Duvessa/+0 rapier (13)]
  5841 | D:6      | Slain by Duvessa

Vanquished Creatures
  4 ogres (D:4 D:5)
  A phantom (D:4)
  A bullfrog (D:7)
  A crimson imp (D:5)
  2 hounds (D:3 D:4)
  A gnoll shaman (D:4)
  An iguana (D:4)
  3 adders (D:1 D:3 D:5)
  4 gnolls (D:4)
  An ooze (D:3)
  An adder zombie (D:2)
  An adder skeleton (D:4)
  5 worms (D:2 D:3 D:4)
  3 dart slugs (D:2 D:3 D:4)
  3 leopard geckos (D:1 D:3 D:4)
  5 bats (D:1 D:2 D:3)
  3 giant cockroaches (D:1 D:2 D:4)
  6 hobgoblins (D:1 D:2 D:3)
  5 kobolds (D:1 D:2)
  7 quokkas (D:2 D:3 D:4 D:5)
  2 ball pythons (D:3 D:4)
  5 frilled lizards (D:1 D:2 D:3)
  8 goblins (D:1 D:2 D:3)
  8 rats (D:1 D:3)
81 creatures vanquished.

Table legend:
 A = Turns spent in this place as a percentage of turns spent in the entire game.
 B = Non-inter-level travel turns spent in this place as a percentage of non-inter-level travel turns spent in the entire game.
 C = Inter-level travel turns spent in this place as a percentage of turns spent in this place.
 D = Turns resting spent in this place as a percentage of non-inter-level travel turns spent in this place.
 E = Turns spent auto-exploring this place as a percentage of non-inter-level travel turns spent in this place.
 F = Non-inter-level travel turns spent in this place divided by the number of levels of this place that you've seen.
                   A       B       C       D       E      F
               +-------+-------+-------+-------+-------+----------------------
         Total | 100.0 | 100.0 |   2.2 |   8.2 |  78.1 | 815.7
       Dungeon | 100.0 | 100.0 |   2.2 |   8.2 |  78.1 | 815.7
               +-------+-------+-------+-------+-------+----------------------

Table legend:
 A = Non-vault XP
 B = Vault XP
 C = Vault XP percentage of total XP
 D = Non-vault monster count
 E = Vault monster count
 F = Vault count percentage of total count
                 A         B        C        D         E       F
            +---------+---------+-------+---------+---------+-------
      Total |     990 |     132 |  11.8 |      73 |       8 |   9.9
            +---------+---------+-------+---------+---------+-------
        D:1 |      36 |       0 |   0.0 |      14 |       0 |   0.0
        D:2 |      30 |       4 |  11.8 |      13 |       2 |  13.3
        D:3 |      62 |      40 |  39.2 |      25 |       1 |   3.8
        D:4 |     588 |      88 |  13.0 |      16 |       5 |  23.8
        D:5 |     181 |       0 |   0.0 |       4 |       0 |   0.0
        D:7 |      93 |       0 |   0.0 |       1 |       0 |   0.0
            +---------+---------+-------+---------+---------+-------
